 Dungeon Crawl Stone Soup version 0.23-a0-899-gbbae0a3 (webtiles) character file.

Game seed: 9217579043181231586

73 Inarius the Chopper (level 4, 0/37 HPs)
             Began as a Hill Orc Fighter on Jan 29, 2019.
             Killed from afar by Natasha (3 damage)
             ... with a magic dart
             ... while paralysed by Ijyb
             ... on level 2 of the Dungeon.
             The game lasted 00:02:12 (1315 turns).

Inarius the Chopper (Hill Orc Fighter)              Turns: 1315, Time: 00:02:13

Health: 0/37       AC: 10    Str: 19    XL:     4   Next: 27%
Magic:  4/4        EV:  2    Int:  8    God:
Gold:   95         SH:  0    Dex: 10    Spells: 3/3 levels left

rFire    . . .     SeeInvis .   a - +0 war axe
rCold    + . .     Gourm    .   c - +0 shield
rNeg     . . .     Faith    .   b - +0 scale mail
rPois    .         Spirit   .   (no helmet)
rElec    .         Reflect  .   (no cloak)
rCorr    .         Harm     .   m - +0 pair of gloves (curse)
MR       .....                  s - +0 pair of boots
Stlth    ..........             (no amulet)
HPRegen  0.12/turn              (no ring)
MPRegen  0.09/turn              (no ring)

@: paralysed, flying, hasted and slowed
A: rugged brown scales 1, cold resistance 1, frail 1
a: no special abilities


You were on level 2 of the Dungeon.
You were not hungry.

You visited 1 branch of the dungeon, and saw 3 of its levels.

You collected 95 gold pieces.

Inventory:

Hand Weapons
 a - a +0 war axe (weapon)
Missiles
 k - 4 javelins (quivered)
Armour
 b - a +0 scale mail (worn)
 c - a +0 shield (worn)
 m - a cursed +0 pair of gloves (worn)
 s - a +0 pair of boots (worn)
Scrolls
 i - 2 scrolls of identify {unknown}
 j - a scroll of amnesia {unknown}
 o - a scroll of blinking {unknown}
 p - a scroll of remove curse {unknown}
Potions
 d - a potion of might
 e - a potion of mutation
 l - a potion of berserk rage {unknown}
 n - a potion of lignification {unknown}
Comestibles
 f - 6 rations
 r - 4 chunks of flesh


   Skills:
 + Level 4.1 Fighting
 * Level 4.5 Axes
 + Level 3.9 Armour
 + Level 0.1 Dodging
 + Level 3.4 Shields


You had 3 spell levels left.
You didn't know any spells.
Your spell library was empty.

Dungeon Overview and Level Annotations

Branches:
Dungeon (3/15)

Altars:
Zin

Annotations:
D:2 Ijyb, Natasha


Innate Abilities, Weirdness & Mutations

You are partially covered in rugged brown scales. (AC +1, +3% HP)
Your flesh is cold resistant. (rC+)
You are frail. (-10% HP)


Message History

You closely miss the orc.
Natasha stares at you and mumbles some strange words.
The magic dart hits you. Ijyb hits you with a +6 club.
* * * LOW HITPOINT WARNING * * *
You block the orc's attack. You block the rat's attack. Natasha claws you.
* * * LOW HITPOINT WARNING * * *
It was a potion of flight.
You feel very buoyant.
You fly up into the air.
The orc hits you with a +0 whip.
* * * LOW HITPOINT WARNING * * *
Ijyb zaps a wand.
You suddenly lose the ability to move!
The rat bites you but does no damage. Natasha claws you.
* * * LOW HITPOINT WARNING * * *
The orc hits you but does no damage. Ijyb barely misses you.
The rat bites you but does no damage.
Natasha wildly gestures.
You feel disoriented.
Natasha stares at you and mumbles some strange words.
The magic dart hits you.
You die...

########
.......############
######............#
############.# #.# #####
####r###### ....#
#.g@o.....# ..#.#
#.##h####.# #.#.#
#.##รท>..#.# #.#.#
#.#####.#.# #.#.# #.#
#....# #.#.# #.####....##
#.#.##########.##.......#
#...........##......>...#
###.......#.#####.......#


You could see Ijyb, Natasha, an orc and a rat.

Vanquished Creatures
  A worker ant zombie (D:2)
  An adder (D:2)
  A gnoll (D:1)
  2 worms (D:2)
  A dart slug (D:2)
  2 leopard geckos (D:2)
  8 bats
  4 giant cockroaches
  2 goblins (D:2)
  4 hobgoblins
  2 frilled lizards (D:1)
  3 kobolds
  3 rats (D:2)
34 creatures vanquished.

Notes
Turn   | Place    | Note
-------+----------+-------------------------------------------
     0 | D:1      | Inarius the Hill Orc Fighter began the quest for the Orb.
     0 | D:1      | Reached XP level 1. HP: 19/19 MP: 1/1
   293 | D:1      | Reached XP level 2. HP: 27/27 MP: 2/2
   509 | D:2      | Reached XP level 3. HP: 33/33 MP: 3/3
   637 | D:2      | Reached XP level 4. HP: 32/40 MP: 4/4
  1140 | D:2      | Found a glowing silver altar of Zin.
  1298 | D:3      | Noticed Natasha
  1298 | D:3      | Noticed Ijyb
  1301 | D:3      | Paralysed by Ijyb for 4 turns
  1307 | D:2      | Gained mutation: Your flesh is cold resistant. (rC+)
                  | [potion of mutation]
  1307 | D:2      | Gained mutation: You are frail. (-10% HP) [potion of
                  | mutation]
  1307 | D:2      | Gained mutation: You are partially covered in rugged brown
                  | scales. (AC +1, +3% HP) [potion of mutation]
  1314 | D:2      | Paralysed by Ijyb for 6 turns
  1315 | D:2      | Killed from afar by Natasha

Vault maps used:
D:1:      erik_arrival_cave_to_civilisation
D:2:      lemuel_coloured_pillars_altar, hangedman_abyss_or_decor_stabs
D:3:      led_sif_book, uniq_sigmund, uniq_natasha, uniq_ijyb, uniq_robin

Skill      XL: |  1  2  3 |
---------------+----------+-----
Fighting       | 4 |  4.1
Axes           | 3 4 |  4.5
Armour         | |  3.9
Dodging        | |  0.1
Shields        | |  3.4

Action                   |  1- 3 |  4- 6 || total
-------------------------+-------+-------++-------
Melee: War axe           |    68 |    38 ||   106
  Use: Potion            |       |     5 ||     5
  Eat: Chunk             |       |     1 ||     1
Armor: Scale mail        |    47 |    23 ||    70
Dodge: Dodged            |    35 |    23 ||    58
Block: Shield            |    61 |    28 ||    89

Table legend:
 A = Non-vault XP
 B = Vault XP
 C = Vault XP percentage of total XP
 D = Non-vault monster count
 E = Vault monster count
 F = Vault count percentage of total count
                 A         B        C        D         E       F
            +---------+---------+-------+---------+---------+-------
      Total |     105 |       0 |   0.0 |      34 |       0 |   0.0
            +---------+---------+-------+---------+---------+-------
        D:1 |      28 |       0 |   0.0 |      11 |       0 |   0.0
        D:2 |      77 |       0 |   0.0 |      23 |       0 |   0.0
            +---------+---------+-------+---------+---------+-------
